 Dungeon Crawl Stone Soup version 0.31-a0-705-ga145531891 (webtiles) character file.

Game seed: 14285957968137748484

986 heikuro the Shield-Bearer (level 8, 0/63 HPs)
             Began as a Formicid Fighter on Sept 9, 2023.
             Slain by Ijyb
             ... wielding a +0 dagger
              (4 damage)
             ... on level 4 of the Dungeon.
             The game lasted 00:08:05 (2684 turns).

heikuro the Shield-Bearer (Formicid Fighter)        Turns: 2684, Time: 00:08:06

Health: 0/63       AC:  2    Str: 22    XL:     8   Next: 41%
Magic:  8/8        EV:  9    Int:  9    God:
Gold:   204        SH: 10    Dex: 13    Spells: 7/7 levels left

rFire   . . .        d - +1 whip (flame)
rCold   . . .        c - +0 buckler
rNeg    . . .        b - +0 scale mail
rPois   .            (helmet unavailable)
rElec   .            q - +2 cloak
rCorr   .            (no gloves)
SInv    +            (no boots)
Will    .....        g - amulet of reflection Stlth
                     (no ring)
HPRegen 0.30/turn    (no ring)
MPRegen 0.11/turn

%: reflection
@: corroded
A: permanent stasis, dig shafts and tunnels, antennae 3, four strong arms
a: Dig, Shaft Self


You were on level 4 of the Dungeon.
You visited 1 branch of the dungeon, and saw 4 of its levels.
You also visited: Ossuary.

You collected 204 gold pieces.

Inventory:

Hand Weapons
 a - a +0 war axe
 d - a +1 whip of flaming (weapon)
 p - a +0 glaive
Armour
 b - a +0 scale mail (worn)
 c - a +0 buckler (worn)
 k - the +3 ring mail "Tifeir" {*Slow rCorr Int+3 Dex-5}
   (You found it on level 2 of the Dungeon)

   Int+3:     It affects your intelligence (+3).
   Dex-5:     It affects your dexterity (-5).
   rCorr:     It protects you from acid and corrosion.
   *Slow:     It may slow you when you take damage.
 q - a +2 cloak (worn)
Jewellery
 g - an amulet of reflection (around neck)
 t - a ring of willpower
Scrolls
 h - a scroll of teleportation {unknown}
 l - 3 scrolls of torment {unknown}
 o - a scroll of vulnerability {unknown}
 r - 3 scrolls of brand weapon {unknown}
 s - 2 scrolls of blinking {unknown}
 v - a scroll of fog {unknown}
 w - a scroll of poison {unknown}
Potions
 e - a potion of attraction
 f - 3 potions of heal wounds
 i - 2 potions of resistance
 j - a potion of lignification {unknown}
 m - 3 potions of curing {unknown}
 n - a potion of invisibility {unknown}
 u - a potion of degeneration {unknown}
 x - a potion of ambrosia {unknown}


   Skills:
 + Level 5.5 Fighting
 * Level 6.1 Axes
 + Level 5.5 Armour
 + Level 6.7 Shields


You had 7 spell levels left.
You didn't know any spells.
Your spell library contained the following spells:

 Spells                   Type           Power      Damage    Failure   Level
 Ensorcelled Hibernation  Hex/Ice        0%         N/A       87%         2
 Jinxbite                 Hex            0%         N/A       87%         2
 Anguish                  Hex/Necr       0%         N/A       100%        4


Dungeon Overview and Level Annotations

Branches:
Dungeon (4/15)            Ossuary (visited)
 Temple: D:4-7

Altars:

Shops:
D:1 (   D:2 [

Annotations:
D:3 3 runed translucent doors, Ekaitz's ghost, novice TeAE
D:4 Ijyb


Innate Abilities, Weirdness & Mutations

You cannot be hasted, slowed, berserked, paralysed or teleported.
You can dig through walls and to a lower floor.
You have a pair of large antennae on your head. (SInv)
Your four strong arms can wield two-handed weapons with a shield.


Message History

d - a +1 whip of flaming (weapon)
You hit Ijyb but do no damage. Ijyb closely misses you.
You hit Ijyb but do no damage. Ijyb hits you with a +0 dagger.
You barely miss Ijyb. Ijyb hits you with a +0 dagger.
You hit Ijyb but do no damage. You block Ijyb's attack.
You closely miss Ijyb.
Ijyb zaps a wand.
The bolt of acid misses you.
You hit Ijyb but do no damage. Ijyb hits you with a +0 dagger.
You hit Ijyb. You burn Ijyb.
Ijyb is lightly wounded.
You hit Ijyb but do no damage.
Ijyb is lightly wounded.
Ijyb screams, "You nasty!
Big nasty!"
Ijyb closely misses you.
You hit Ijyb but do no damage.
Ijyb is lightly wounded.
Ijyb zaps a wand.
The bolt of acid misses you.
You barely miss Ijyb.
Ijyb is lightly wounded.
Ijyb hits you with a +0 dagger.
You hit Ijyb but do no damage.
Ijyb is lightly wounded.
Ijyb hits you with a +0 dagger.
You barely miss Ijyb.
Ijyb is lightly wounded.
Ijyb barely misses you.
You hit Ijyb. You burn Ijyb.
Ijyb is moderately wounded.
You block Ijyb's attack.
You hit Ijyb. You burn Ijyb.
Ijyb is heavily wounded.
Ijyb screams, "Me kill you!"
Ijyb zaps a wand.
The bolt of acid hits you!!
* * * LOW HITPOINT WARNING * * *
You barely miss Ijyb.
Ijyb is heavily wounded.
Ijyb barely misses you.
You closely miss Ijyb.
Ijyb is heavily wounded.
Ijyb hits you with a +0 dagger.
You die...

##.....................
.#....................
.#...................
...................#+#+
.......................
.......................
##########.♣♣P...#... #
#♣♣♣~~..# ## ♣P~~P♣@#{
... ♣≈P~~~♣gg..... ...
♣~~≈≈~~~~♣....$. ...
~P~≈~≈~~~P♣..... ...
P~~~~≈≈P~~~P~.... ...
P~~~≈≈≈≈≈~~ .... ...
~~~~≈~~~ ... ...
....... ... ...


You could see Ijyb and a goblin.

Vanquished Creatures
  Pikel (D:4)
  An elf zombie (Ossuary)
  A phantom (D:4)
  2 human zombies (Ossuary)
  Crazy Yiuf (D:2)
  An orc wizard (D:4)
  Terence (D:3)
  2 hound zombies (Ossuary)
  3 mummies (Ossuary)
  2 adders
  2 adder zombies (Ossuary)
  A worm (D:2)
  A dart slug (D:2)
  2 orcs (D:4)
  8 ball pythons
  3 bats (D:2)
  8 endoplasms
  A giant cockroach (D:1)
  3 goblins
  8 hobgoblins
  8 jackals
  4 quokkas
  3 frilled lizards
  4 gnoll zombies (Ossuary)
  3 goblin zombies (Ossuary)
  7 hobgoblin zombies (Ossuary)
  3 jackal zombies (Ossuary)
  5 kobolds
  3 kobold zombies (Ossuary)
  2 orc zombies (Ossuary)
  2 quokka zombies (Ossuary)
  A rat (D:3)
  6 rat zombies (Ossuary)
103 creatures vanquished.

Notes
Turn   | Place    | Note
-------+----------+-------------------------------------------
     0 | D:1      | heikuro the Formicid Fighter began the quest for the Orb.
     0 | D:1      | Reached XP level 1. HP: 18/18 MP: 1/1
   138 | D:1      | Found Vuplel's Antique Weapon Shoppe.
   344 | D:1      | Reached XP level 2. HP: 24/24 MP: 2/2
   763 | D:2      | Identified the +3 ring mail "Tifeir" {*Slow rCorr Int+3
                  | Dex-5}
   803 | D:2      | Found Xorud's Antique Armour Shoppe.
   837 | D:2      | Reached XP level 3. HP: 28/29 MP: 3/3
  1085 | D:2      | Reached XP level 4. HP: 34/37 MP: 4/4
  1104 | D:2      | Found a runed translucent door.
  1105 | D:2      | Noticed Crazy Yiuf
  1114 | D:2      | Killed Crazy Yiuf
  1385 | D:3      | Found a runed translucent gate.
  1385 | D:3      | Found a runed translucent gate.
  1389 | D:3      | Noticed Ekaitz's ghost (novice TeAE)
  1389 | D:3      | Noticed a kobold brigand
  1393 | D:3      | Found a runed translucent gate.
  1491 | D:3      | Reached XP level 5. HP: 42/42 MP: 5/5
  1524 | D:3      | Noticed Terence
  1532 | D:3      | Killed Terence
  2013 | D:4      | Noticed a lemure
  2013 | D:4      | Noticed a lemure
  2014 | D:4      | Noticed a lemure
  2017 | D:4      | Noticed Pikel
  2025 | D:4      | Noticed a lemure
  2035 | D:4      | Killed Pikel
  2036 | D:4      | Reached skill level 5 in Fighting
  2036 | D:4      | Reached skill level 5 in Axes
  2036 | D:4      | Reached skill level 5 in Armour
  2036 | D:4      | Reached XP level 6. HP: 29/51 MP: 6/6
  2036 | D:4      | Reached XP level 7. HP: 32/56 MP: 7/7
  2039 | D:4      | Found a sand-covered staircase.
  2060 | Ossuary  | Entered an ossuary
  2163 | Ossuary  | Reached XP level 8. HP: 58/62 MP: 8/8
  2654 | D:4      | Noticed Ijyb
  2684 | D:4      | Slain by Ijyb

Illustrated notes

Levels and vault maps discovered:
D:1:      heliophobic_arrival_henge, layout_basic, serial_shops, shop
D:2:      layout_basic, serial_shops, nicolae_shop_hallway_stairs,
          dreamdust_mushroom_princess, uniq_crazy_yiuf_cottage
D:3:      layout_rooms, gammafunk_ghost_nasty_kobolds, moated_statue,
          kennysheep_flooded_box, uniq_terence
D:4:      layout_basic, vehumet_crystals, serial_bayou, serial_bayou_shore_a,
          serial_bayou_shore_b, serial_bayou_lagoon_b, serial_bayou_pond_d,
          nicolae_ossuary_entry_ruins, uniq_pikel, uniq_ijyb, uniq_edmund

Skill      XL: |  1  2  3  4  5  6  7  8 |
---------------+-------------------------+-----
Axes           | 3 5 6 |  6.1
Fighting       | 5 |  5.5
Armour         | 5 |  5.5
Shields        | 6 |  6.7

Action                     |  1- 3 |  4- 6 |  7- 9 || total
---------------------------+-------+-------+-------++-------
  Melee: War axe           |    88 |    76 |   130 ||   294
         Whip              |       |       |    31 ||    31
         Glaive            |       |       |     8 ||     8
    Use: Scroll            |       |     2 |     1 ||     3
         Potion            |       |     1 |       ||     1
 Armour: Scale mail        |    30 |    45 |    80 ||   155
  Dodge: Dodged            |    37 |    23 |    42 ||   102
  Block: Buckler           |    42 |    45 |    75 ||   162
         Reflection        |     1 |     1 |       ||     2

Table legend: (Time is in decaauts)
 A = Elapsed time spent in this place.
 B = Non-inter-level travel time spent in this place.
 C = Inter-level travel time spent in this place.
 D = Time resting spent in this place.
 E = Time spent auto-exploring this place.
 F = Levels seen in this place.
 G = Mean time per level.
                   A        B        C        D        E       F      G
               +--------+--------+--------+--------+--------+-----+--------+
         Total |   2778 |   2720 |     58 |    148 |   1626 |   5 |  555.6 |
       Dungeon |   2325 |   2267 |     58 |     46 |   1574 |   4 |  581.2 |
       Ossuary |    452 |    452 |      0 |    102 |     52 |   1 |  452.0 |
               +--------+--------+--------+--------+--------+-----+--------+

Top non-repeatable levels by time:
     D:1: 751 daAuts
     D:3: 644 daAuts
     D:2: 624 daAuts
 Ossuary: 452 daAuts
     D:4: 305 daAuts
